 Dungeon Crawl Stone Soup version bcrawl-1.12-8-g964540c432 (webtiles) character file.

Game seed: 17643568535880584286

205 MisterOstroum the Covert (level 5, 0/38 HPs)
             Began as a Vampire Rogue on June 10, 2019.
             Slain by an orc wizard
             ... wielding a +2 dagger of speed
              (5 damage)
             ... on level 2 of the Dungeon.
             The game lasted 00:08:15 (6249 turns).

MisterOstroum the Covert (Vampire Rogue)            Turns: 6249, Time: 00:08:16

Health: 0/38       AC:  2    Str: 14    XL:     5   Next: 52%
Magic:  7/7        EV: 11    Int: 11    God:
Gold:   231        SH:  0    Dex: 16    Spells: 4/4 levels left

rFire    . . .     SeeInvis +   a - +2 dagger
rCold    + . .     Gourm    .   (no shield)
rNeg     + + .     Faith    .   c - +0 robe
rPois    ∞         Spirit   .   (no helmet)
rElec    .         Reflect  .   d - +0 cloak
rCorr    .         Harm     .   (no gloves)
MR       .....                  (no boots)
Stlth    ++++++....             (no amulet)
HPRegen  0.06/turn              j - ring of poison resistance
MPRegen  0.10/turn              m - ring of flight

@: bloodless, regenerating slowly, slowed, very slow
A: claws 1, fangs 3, see invisible, deformed body, high mp 1, unbreathing
a: Evoke Flight


You were on level 2 of the Dungeon.
You were bloodless.

You visited 1 branch of the dungeon, and saw 3 of its levels.

You collected 231 gold pieces.

Inventory:

Hand Weapons
 a - a +2 dagger (weapon)
 b - a +0 blowgun
 q - a +0 rapier
Missiles
 h - 558 poisoned needles
 l - 1130 stones (quivered)
Armour
 c - a +0 robe (worn)
 d - a +0 cloak (worn)
 r - a +0 shield
 w - a +0 buckler
Jewellery
 j - a ring of poison resistance (left claw)
 m - a ring of flight (right claw)
 s - an uncursed ring of protection from fire {unknown}
Wands
 f - a wand of flame (15)
 g - a wand of enslavement (15)
Scrolls
 i - 3 scrolls of teleportation {unknown}
 k - 3 scrolls of amnesia {unknown}
 o - a scroll of remove curse {unknown}
 p - a scroll of identify {unknown}
 t - a scroll of enchant armour {unknown}
 y - a scroll of fog {unknown}
 A - a scroll of magic mapping {unknown}
Potions
 e - 9 potions of blood
 n - a potion of heal wounds {unknown}
 u - a potion of cancellation {unknown}
 v - a potion of berserk rage {unknown}
 x - 2 potions of magic {unknown}
 z - a potion of curing {@q1 !q}


   Skills:
 + Level 2.1 Fighting
 + Level 3.9 Short Blades
 - Level 1.8 Throwing
 * Level 8.9 Stealth
 - Level 2.0 Evocations


You had 4 spell levels left.
You didn't know any spells.
Your spell library was empty.

Dungeon Overview and Level Annotations

Branches:
Dungeon (3/12)

Altars:
Hepliaklqana
The Shining One


Innate Abilities, Weirdness & Mutations

You heal slowly.
You are immune to poison.
You have sharp fingernails.
You have razor-sharp teeth.
You have supernaturally acute eyesight. (SInv)
You can survive without breathing.
Armour fits poorly on your strangely shaped body.
You have an increased reservoir of magic. (+10% MP)


Message History

The orc is heavily wounded.
The orc hits you with a +0 hand axe.
You hit the orc but do no damage. Your bite misses the orc.
The orc is heavily wounded.
The orc barely misses you.
You hit the orc but do no damage.
The orc is heavily wounded.
The orc barely misses you.
You barely miss the orc.
The orc is heavily wounded.
The orc barely misses you.
You hit the orc.
You kill the orc!
You puncture the orc!
You kill the orc!
You closely miss the orc wizard.
The orc wizard points at you and mumbles some strange words.
The magic dart hits you!
You barely miss the orc wizard. Your bite misses the orc wizard.
The orc wizard mumbles some strange words.
The orc wizard seems to speed up.
You closely miss the orc wizard.
The orc wizard hits you but does no damage.
The orc wizard hits you with a +2 dagger of speed!
Press: ? - help, v - describe, . - travel, g - get item
Here: an orc wizard, wielding a +2 dagger of speed and wearing a +0 robe (fast)
A +0 hand axe.
There is something else lying underneath.
The floor.
Unknown command.
The orc wizard barely misses you. The orc wizard casts a spell at you.
You resist with some effort.
The orc wizard hits you with a +2 dagger of speed.
There is a stone staircase leading up here.
Okay, then.
The orc wizard hits you with a +2 dagger of speed. x2
You climb upwards.
There is a stone staircase leading down here.
It was a potion of curing.
You feel better.
The orc wizard hits you with a +2 dagger of speed. x2
You hit the orc wizard.
The orc wizard is moderately wounded.
The orc wizard closely misses you.
The orc wizard casts a spell.
The orc wizard blinks!
The orc wizard points at you and mumbles some strange words.
You feel yourself slow down.
The orc wizard mumbles some strange words.
The orc wizard blinks!
The orc wizard gestures wildly while chanting.
The orc wizard blinks!
Throwing (i - inventory)
l - 1131 stones (quivered)
Press: ? - help, Shift-Dir - straight line, f - orc wizard
Aim: an orc wizard, wielding a +2 dagger of speed and wearing a +0 robe (moderately wounded, fast)
You throw a stone. The stone barely misses the orc wizard.
The orc wizard casts a spell.
The orc wizard blinks!
No other missiles available.
Use F to throw any item.
No other missiles available.
Use F to throw any item.
Wield which item (- for none, * to show all)? (? for menu, Esc to quit)
b - a +0 blowgun (weapon)
The orc wizard points at you and mumbles some strange words.
You resist with some effort.
Firing (i - inventory. (/) - cycle)
h - 561 poisoned needles (quivered)
Press: ? - help, Shift-Dir - straight line, f/p - orc wizard
Aim: an orc wizard, wielding a +2 dagger of speed and wearing a +0 robe (moderately wounded, fast)
You shoot a poisoned needle.
The poisoned needle hits the orc wizard.
The orc wizard is poisoned.
The orc wizard is moderately wounded.
The orc wizard gestures at you while chanting.
The magic dart hits you!
The orc wizard points at you and mumbles some strange words.
The magic dart hits you!
* * * LOW HITPOINT WARNING * * *
Firing (i - inventory. (/) - cycle)
h - 560 poisoned needles (quivered)
Press: ? - help, Shift-Dir - straight line, f/p - orc wizard
Aim: an orc wizard, wielding a +2 dagger of speed and wearing a +0 robe (moderately wounded, fast, poisoned)
You shoot a poisoned needle.
The poisoned needle barely misses the orc wizard.
The orc wizard casts a spell at you.
You feel as though you will be slow longer.
Firing (i - inventory. (/) - cycle)
h - 559 poisoned needles (quivered)
Press: ? - help, Shift-Dir - straight line, f/p - orc wizard
Aim: an orc wizard, wielding a +2 dagger of speed and wearing a +0 robe (heavily wounded, fast, poisoned)
You shoot a poisoned needle.
The poisoned needle closely misses the orc wizard.
The orc wizard hits you with a +2 dagger of speed.
* * * LOW HITPOINT WARNING * * *
The orc wizard hits you but does no damage.
Wield which item (- for none, * to show all)? (? for menu, Esc to quit)
a - a +2 dagger (weapon)
The orc wizard hits you with a +2 dagger of speed.
* * * LOW HITPOINT WARNING * * *
You barely miss the orc wizard. Your bite misses the orc wizard.
The orc wizard is severely wounded.
The orc wizard looks more healthy.
The orc wizard hits you with a +2 dagger of speed.
You die...

#...#....#......#
#.#.#.##.###....#
#...#....###....#
#.###§.##.......#
###.#...)##.###...#
#...#.##.....##...####
#....%##.....##.......
#..>..................
#...#@....#...........
#....o.####.#....##..#
#......###....[..##..#
##.....#..............
########.....#...♣..........
#............#..♣.♣...#.....
#............#.♣._.♣..#.....
#............#..♣.♣...#.##..
#........#####...♣.......#.#


You could see an orc wizard.

Vanquished Creatures
  An orc priest (D:3)
  A hound (D:3)
  8 adders
  3 worms
  4 leopard geckos
  6 orcs (D:3)
  5 bats
  3 giant cockroaches
  6 goblins
  10 hobgoblins
  2 quokkas
  4 frilled lizards
  6 kobolds
  A quokka skeleton (D:3)
  3 rats
63 creatures vanquished.

Notes
Turn   | Place    | Note
-------+----------+-------------------------------------------
     0 | D:1      | MisterOstroum the Vampire Rogue began the quest for the
                  | Orb.
     0 | D:1      | Reached XP level 1. HP: 13/13 MP: 2/2
  1568 | D:1      | Reached XP level 2. HP: 20/20 MP: 3/3
  1857 | D:1      | Reached skill level 7 in Stealth
  2431 | D:2      | Reached skill level 1 in Fighting
  2438 | D:2      | Gained mutation: Armour fits poorly on your strangely
                  | shaped body. [potion of mutation]
  2438 | D:2      | Gained mutation: You have an increased reservoir of magic.
                  | (+10% MP) [potion of mutation]
  2461 | D:2      | Reached XP level 3. HP: 26/26 MP: 4/4
  4663 | D:2      | Found a faded altar of an unknown god.
  4871 | D:2      | Found a glowing golden altar of the Shining One.
  4982 | D:3      | Reached XP level 4. HP: 32/32 MP: 6/6
  5446 | D:3      | Found a hazy altar of Hepliaklqana.
  5450 | D:3      | Reached skill level 8 in Stealth
  5850 | D:3      | Reached XP level 5. HP: 38/38 MP: 7/7
  6249 | D:2      | Slain by an orc wizard

Skill      XL: |  1  2  3  4  5 |
---------------+----------------+-----
Stealth        | 7 8 |  8.9
Fighting       | 1 2 |  2.1
Short Blades   | 3 |  3.9
Throwing       | |  1.8
Evocations     | |  2.0

Action                   |  1- 3 |  4- 6 || total
-------------------------+-------+-------++-------
Melee: Dagger            |    50 |     3 ||    53
       Bite              |     4 |     4 ||     8
       Rapier            |    21 |    72 ||    93
 Fire: Blowgun           |    10 |     9 ||    19
Throw: Stone             |     6 |     2 ||     8
  Use: Potion            |     9 |     1 ||    10
 Stab: Sleeping          |    22 |    14 ||    36
       Distracted        |     1 |       ||     1
Armor: Robe              |     7 |     6 ||    13
Dodge: Dodged            |    24 |    36 ||    60
